 Dungeon Crawl Stone Soup version 0.20.0-8-g6b59dc7 (webtiles) character file.

90771 Inarius the Thaumaturge (level 15, -1/96 HPs)
             Began as a Pale Draconian Venom Mage on May 30, 2017.
             Was a High Priest of Hepliaklqana.
             Slain by an eight-headed hydra (6 damage)
             ... on level 1 of the Swamp on May 31, 2017.
             The game lasted 03:16:26 (40259 turns).

Inarius the Thaumaturge (DrVM)                     Turns: 40259, Time: 03:16:27

Health: -1/96      AC: 19    Str:  5 (11) XL:     15   Next: 53%
Magic:  10/40      EV: 18    Int: 22 (29) God:    Hepliaklqana [*****.]
Gold:   289        SH:  6    Dex: 16 (20) Spells: 8/39 levels left

rFire    . . .     SeeInvis .   I - staff of energy
rCold    . . .     Gourm    +   Y - +1 buckler of Darkness {MR- Regen+ Int+6 Slay+2}
rNeg     . . .     Faith    .   (armour unavailable)
rPois    .         Spirit   .   (helmet restricted)
rElec    .         Reflect  .   j - +2 cloak
rCorr    .         Harm     .   N - +2 pair of gloves
MR       .....                  l - +3 pair of boots "Mujinyep" {Dex+8 Stlth-}
Stlth    +.........             Q - amulet of the gourmand
Regen    0.7/turn               o - ring of wizardry
MPRegen  0.3/turn               k - ring of magical power

@: lethally poisoned (-1 -> -1), about to teleport, very slow
A: breathe steam, unfitting armour, reduced essence, clever 1, deterioration 2,
wild magic 1, cold-blooded, AC +9
a: Breathe Steam, Recall Ancestor, Ancestor Identity, Transference, Idealise,
Renounce Religion


You were on level 1 of the Swamp.
You worshipped Hepliaklqana.
Hepliaklqana was extremely pleased with you.
You were very full.

You visited 4 branches of the dungeon, and saw 21 of its levels.
You also visited: Sewer.

You collected 2509 gold pieces.
You spent 2220 gold pieces at shops.

Inventory:

Hand Weapons
 v - the +7 long sword of Osidos {pain, +Blink rElec rPois}
   (You found it on level 6 of the Lair of Beasts)

   In the hands of one skilled in necromantic magic, it inflicts extra damage on
   living creatures.
   It insulates you from electricity.
   It protects you from poison.
   It lets you blink.
 V - a +3 long sword of holy wrath
Armour
 j - a +2 cloak (worn)
 l - the +3 pair of boots "Mujinyep" (worn) {Dex+8 Stlth-}
   (You found it on level 10 of the Dungeon)

   It affects your dexterity (+8).
   It makes you less stealthy.
 N - a +2 pair of gloves (worn)
 Y - the +1 buckler of Darkness (worn) {MR- Regen+ Int+6 Slay+2}
   (You found it on level 5 of the Lair of Beasts)

   It affects your intelligence (+6).
   It affects your accuracy and damage with ranged weapons and melee attacks
   (+2).
   It affects your resistance to hostile enchantments.
   It increases your rate of regeneration.
Magical Staves
 I - an uncursed staff of energy (weapon)
Jewellery
 k - a ring of magical power (right hand)
 o - a ring of wizardry (left hand)
 C - the ring "Zaiwiet" {AC+1 Int+4 Dex+2}
   (You found it on level 6 of the Lair of Beasts)

   [ring of protection]

   It affects your AC (+1).
   It affects your intelligence (+4).
   It affects your dexterity (+2).
 Q - an amulet of the gourmand (around neck)
 S - an uncursed ring of protection from fire
 U - an uncursed ring of ice
Wands
 a - a wand of polymorph (9/24)
 t - a wand of paralysis (7/24)
 y - a wand of flame (23/48)
 A - a wand of lightning (7/15)
 J - a wand of acid (4/15)
 K - a wand of flame (27/48) (quivered)
 M - a wand of clouds (5/9)
 R - a wand of disintegration (11/24)
 X - a wand of iceblast (7/15)
Scrolls
 c - 6 scrolls of recharging
 g - 3 scrolls of fog
 h - 4 scrolls of teleportation
 s - a scroll of holy word
 u - a scroll of amnesia
 w - 2 scrolls of magic mapping
 x - a scroll of blinking
 G - a scroll of fear
 H - 4 scrolls of enchant weapon
 O - 5 scrolls of remove curse
 W - a scroll of enchant armour
 Z - a scroll of silence
Potions
 e - 4 potions of haste
 f - a potion of heal wounds
 m - 4 potions of flight
 n - 5 potions of might
 q - 2 potions of lignification
 r - 2 potions of ambrosia
 z - 8 potions of brilliance {unknown}
 E - 7 potions of curing
 P - 2 potions of invisibility
 T - a potion of resistance
Books
 B - Myaciy's Disquisition on Confrontation
   (You bought it in a shop on level 2 of the Orcish Mines)

   Spells                             Type                      Level
   a - Shock                          Conjuration/Air              1
   b - Magic Dart                     Conjuration                  1
   c - Searing Ray                    Conjuration                  2
   d - Static Discharge               Conjuration/Air              3
   e - Bolt of Cold                   Conjuration/Ice              6
   f - Orb of Destruction             Conjuration                  7
 F - a book of the Sky

   Spells                             Type                      Level
   a - Summon Lightning Spire         Summoning/Air                4
   b - Silence                        Hexes/Air                    5
   c - Deflect Missiles               Charms/Air                   6
   d - Conjure Ball Lightning         Conjuration/Air              6
   e - Tornado                        Air                          9
Miscellaneous
 L - a box of beasts
Comestibles
 b - 15 bread rations
 d - 11 meat rations
 p - 21 royal jellies
 D - a fruit


   Skills:
 + Level 3.5 Fighting
 * Level 8.0 Dodging
 - Level 1.7 Stealth
 - Level 4.4 Shields
 + Level 12.8 Spellcasting
 * Level 11.0 Conjurations
 + Level 11.9 Air Magic
 + Level 12.0 Poison Magic
 * Level 9.8 Invocations
 + Level 8.2 Evocations


You had 8 spell levels left.
You knew the following spells:

 Your Spells              Type           Power        Failure   Level  Hunger
a - Venom Bolt            Conj/Pois      ######....   1%          5    None
b - Poisonous Vapours     Pois/Air       ######       1%          2    None
c - Olgreb's Toxic Radia  Pois           ######..     1%          4    None
d - Lightning Bolt        Conj/Air       ######....   1%          5    None
e - Airstrike             Air            ######....   1%          4    None
f - Swiftness             Chrm/Air       ######..     1%          2    None
g - Mephitic Cloud        Conj/Pois/Air  ######..     1%          3    None
h - Conjure Ball Lightni  Conj/Air       ######....   4%          6    None


Dungeon Overview and Level Annotations

Branches:
Dungeon (12/15)            Temple (0/1) D:4            Lair (6/6) D:11
  Swamp (1/4) Lair:3       Spider (0/4) Lair:4        Slime (0/5) Lair:6
    Orc (2/2) D:11            Elf (0/3) Orc:2

Altars:
Dithmenos
Elyvilon
Fedhas
Hepliaklqana
Kikubaaqudgha
Nemelex Xobeh
Okawaru
Qazlal
Sif Muna
Trog
Uskayaw
Xom
Beogh
Jiyva

Shops:
D:8 *   Orc:1 :   Orc:2 :([*


Innate Abilities, Weirdness & Mutations

You can breathe blasts of scalding, opaque steam.
Your pale cyan-grey scales are hard. (AC +9)
You cannot fit into any form of body armour.
You are cold-blooded and may be slowed by cold attacks.
Your life essence is reduced. (-10% HP)
Your mind is acute. (Int +2)
Your body often deteriorates upon taking damage.
Your spells are a little harder to cast, but a little more powerful.


Message History

The bog body gestures at you while chanting.
You struggle to resist.
The eight-headed hydra bites you!
The eight-headed hydra completely misses you.
The eight-headed hydra bites you!
Your body deteriorates!
You feel dopey.
The eight-headed hydra barely misses you.
The eight-headed hydra closely misses you.
The eight-headed hydra misses you.
The eight-headed hydra bites you but does no damage.
The eight-headed hydra misses you.
As you read the scroll of teleportation, it crumbles to dust.
You feel strangely unstable.
You feel sick. The eight-headed hydra bites you!
* * * LOW HITPOINT WARNING * * *
Your body deteriorates!
You feel clumsy. The eight-headed hydra bites you!
* * * LOW HITPOINT WARNING * * *
The eight-headed hydra bites you but does no damage. x4
The eight-headed hydra completely misses you.
The eight-headed hydra bites you.
You die...

♣♣≈≈≈≈♣♣♣..≈≈.≈...≈≈>≈≈...
♣♣≈≈≈≈...≈≈.........≈≈.≈≈≈≈
♣♣..≈..≈..≈..###...#..≈.≈.≈≈
♣..≈≈§≈≈.......#..##...≈≈..§
♣♣.≈♣≈≈♣≈≈....###.....#..≈.♣≈
♣.≈≈..≈≈≈..≈.......#.......≈≈
♣♣≈≈≈≈.≈≈≈≈[§...♣..........≈..
♣♣).♣≈≈♣≈≈≈≈♣≈≈≈§≈.≈...###..≈≈.
♣.≈≈.≈≈..≈≈..≈@n≈♣.≈≈..#...≈≈♣.
♣♣.≈≈.♣≈§≈≈♣≈≈≈D.§♣≈≈...#.#.≈≈≈.
♣≈.≈≈.....(./§≈.≈≈≈.....#.#.≈≈≈.
♣≈.♣≈≈≈≈.♣..≈≈.≈.....#......≈≈≈†
♣♣.≈≈.≈..♣♣.≈.J.###..##..#..≈≈.≈
♣≈<).≈..♣♣.≈≈..#....##....≈≈≈†≈
♣♣.≈≈..≈♣♣..§..###..........≈≈≈
♣♣...≈.♣♣♣...≈......[..≈≈♣.♣≈♣
♣..≈≈≈♣ ♣.§≈.≈J♣.≈≈.≈≈.♣♣..≈♣


You could see an eight-headed hydra, a slime creature and a bog body.

Vanquished Creatures
  An orc warlord (Orc:2)
  Nessos (Orc:2)
  Snorg (Orc:2)
  Josephine (Orc:1)
  Harold (Lair:3)
  2 hydras
  2 two-headed ogres
  A death knight (D:11)
  2 alligators (Swamp:1)
  Urug (D:11)
  2 orc high priests (Orc:2)
  Nergalle (Orc:2)
  Sonja (Orc:2)
  A deep elf knight (Orc:2)
  2 swamp dragons (Swamp:1)
  The ghost of Mlkhall the Ruffian, a novice DrVM of Ashenzari (D:7)
  2 orc sorcerers (Orc:2)
  5 orc knights
  2 oklob plants (Lair:6)
  A cyclops (Orc:2)
  2 wolf spiders (Lair:4)
  4 elephants (Lair:5)
  Maurice (Orc:1)
  4 black mambas
  A centaur skeleton (D:12)
  15 spiny frogs
  3 kobold demonologists (D:12)
  2 rime drakes (Lair:4)
  4 komodo dragons
  A queen bee (D:9)
  2 trolls
  A jumping spider (Lair:4)
  A polar bear (Lair:6)
  4 hornets (Swamp:1)
  6 tyrant leeches
  2 slime creatures (Swamp:1)
  16 dream sheep
  16 blink frogs
  5 hippogriffs
  A redback (Lair:4)
  3 wraiths
  A shadow (D:11)
  5 spriggans
  55 yaks
  A hungry ghost (D:10)
  15 vampire mosquitoes
  A basilisk (Lair:4)
  2 acid dragons
  3 swamp worms (Swamp:1)
  5 wargs
  7 porcupines
  4 water moccasins
  38 orc warriors
  Duvessa (D:4)
  An ice beast (D:12)
  2 sky beasts
  2 phantoms
  3 swamp drakes
  14 ogres
  7 wolves
  5 centaurs
  3 big kobolds
  14 crocodiles
  A knight (Orc:2)
  16 bullfrogs
  Dowan (D:4)
  A wyvern skeleton (D:7)
  A water moccasin zombie (D:6)
  3 scorpions (D:11)
  29 killer bees
  8 howler monkeys
  4 electric eels
  2 crimson imps
  2 centaur zombies
  2 hounds (D:4)
  26 orc priests
  5 jellies
  An iguana (D:11)
  33 orc wizards
  17 worker ants
  2 hell rats (Lair:6)
  2 hound skeletons (D:10)
  Robin (D:2)
  4 gnolls (D:3)
  2 river rats (Sewer)
  10 adders
  4 shadow imps
  3 oozes (Lair:1)
  2 adder skeletons
  3 worms (D:3)
  2 dart slugs
  7 leopard geckos
  100 orcs
  9 giant cockroaches
  13 goblins
  10 hobgoblins
  12 jackals
  26 kobolds
  2 quokkas
  6 ball pythons
  13 bats
  7 frilled lizards
  A leopard gecko skeleton (D:3)
  A leopard gecko zombie (D:5)
  A quokka skeleton (D:10)
  13 rats
  4 butterflies (D:8)
  A fungus (Lair:6)
727 creatures vanquished.

Vanquished Creatures (collateral kills)
  5 hydras
  A two-headed ogre (D:10)
  An orc high priest (Orc:2)
  A shambling mangrove (Swamp:1)
  An orc sorcerer (Orc:2)
  A cyclops (Orc:1)
  2 black mambas
  12 spiny frogs
  A rime drake (Lair:5)
  3 komodo dragons
  4 trolls
  4 tyrant leeches
  4 slime creatures
  A hippogriff (Lair:6)
  7 blink frogs
  3 dream sheep (Lair:5)
  23 yaks
  A vampire (D:10)
  2 wraiths (D:11)
  3 vampire mosquitoes (Swamp:1)
  2 wargs (Orc:1)
  5 orc warriors
  A water moccasin (Lair:6)
  3 porcupines
  3 ice beasts
  A sky beast (D:12)
  A black bear (D:11)
  4 wolves
  6 ogres
  A crocodile (Lair:4)
  A big kobold (D:11)
  5 bullfrogs
  A wyvern zombie (D:11)
  A wyvern skeleton (D:6)
  7 killer bees
  4 wights (D:7)
  A crimson imp (D:7)
  A hound (D:6)
  5 jellies (Lair:1)
  A bullfrog skeleton (D:5)
  2 orc wizards (D:10)
  3 iguanas
  3 hell rats (Lair:6)
  3 worker ants
  5 adders
  A shadow imp (D:11)
  6 oozes (Lair:1)
  A worm (D:6)
  9 orcs
  A giant cockroach (D:5)
  A quokka zombie (D:7)
  A rat (Sewer)
  2 fungi (Lair:6)
  A plant (Lair:6)
173 creatures vanquished.

Vanquished Creatures (others)
  2 ball lightnings (Orc:2)
  10 knights
  2 ancestors
  A bush (Lair:6)
  37 fungi
  74 plants
126 creatures vanquished.

Grand Total: 1026 creatures vanquished

Notes
Turn   | Place    | Note
-------+----------+-------------------------------------------
     0 | D:1      | Inarius the Draconian Venom Mage began the quest for the Orb.
     0 | D:1      | Reached XP level 1. HP: 14/14 MP: 3/3
   370 | D:1      | Reached XP level 2. HP: 12/20 MP: 1/5
   374 | D:1      | Learned a level 2 spell: Poisonous Vapours
   916 | D:2      | Reached XP level 3. HP: 26/26 MP: 1/6
  2004 | D:2      | Noticed Robin
  2007 | D:2      | Killed Robin
  2007 | D:2      | Reached skill level 1 in Air Magic
  2007 | D:2      | Reached XP level 4. HP: 34/34 MP: 0/8
  2194 | D:2      | Learned a level 4 spell: Olgreb's Toxic Radiance
  2696 | D:3      | Reached XP level 5. HP: 34/39 MP: 1/10
  2797 | D:3      | Found a sparkling altar of Nemelex Xobeh.
  2798 | D:3      | Found a deep blue altar of Sif Muna.
  2856 | D:3      | Found a blossoming altar of Fedhas.
  2856 | D:3      | Found a hide-covered altar of Uskayaw.
  2856 | D:3      | Found a shadowy altar of Dithmenos.
  2857 | D:3      | Found an ancient bone altar of Kikubaaqudgha.
  2858 | D:3      | Found a white marble altar of Elyvilon.
  2971 | D:3      | Found a stormy altar of Qazlal.
  3126 | D:3      | Found an iron altar of Okawaru.
  3126 | D:3      | Found a bloodstained altar of Trog.
  3999 | D:4      | Reached XP level 6. HP: 21/46 MP: 2/11
  4202 | D:4      | Reached skill level 1 in Fighting
  4202 | D:4      | Reached skill level 5 in Poison Magic
  4543 | D:4      | Noticed Duvessa
  4547 | D:4      | Noticed Dowan
  4550 | D:4      | Killed Duvessa
  4550 | D:4      | Your scales start taking on a pale cyan-grey colour.
  4550 | D:4      | Reached XP level 7. HP: 52/52 MP: 0/13
  4555 | D:4      | Killed Dowan
  5056 | D:4      | Found a hazy altar of Hepliaklqana.
  5057 | D:4      | Found a shimmering altar of Xom.
  5057 | D:4      | Noticed a wyvern
  5058 | D:4      | Noticed a wyvern
  5058 | D:4      | Noticed a spectral ugly thing
  5062 | D:4      | Became a worshipper of Hepliaklqana the Forgotten
  5142 | D:4      | Reached skill level 5 in Spellcasting
  5362 | D:4      | Found a staircase to the Ecumenical Temple.
  5744 | D:5      | Entered Level 5 of the Dungeon
  5879 | D:5      | Found a glowing drain.
  5893 | Sewer    | Entered a sewer
  6134 | Sewer    | Reached XP level 8. HP: 50/53 MP: 16/16
  6350 | D:5      | Reached skill level 1 in Invocations
  6726 | D:5      | Found an iron altar of Okawaru.
  6847 | D:5      | Found a transporter.
  6850 | D:5      | Reached * piety under Hepliaklqana
  6854 | D:5      | Found a transporter.
  8261 | D:6      | Reached skill level 1 in Evocations
  8646 | D:7      | Reached skill level 5 in Conjurations
  8646 | D:7      | Reached XP level 9. HP: 49/60 MP: 18/18
  9017 | D:7      | Noticed Mlkhall's ghost (novice DrVM)
  9955 | D:8      | Found a hide-covered altar of Uskayaw.
 10134 | D:8      | Reached ** piety under Hepliaklqana
 10135 | D:8      | Remembered your ancestor Onaxys as a knight
 10162 | D:8      | Found Miss's Assorted Antiques.
 10178 | D:8      | Bought a scroll labeled XYAFOMIULU for 32 gold pieces
 10178 | D:8      | Bought a puce potion for 28 gold pieces
 10446 | D:8      | Found a runed door.
 10451 | D:8      | Found a runed door.
 10862 | D:7      | Killed Mlkhall's ghost
 10862 | D:7      | Reached XP level 10. HP: 43/67 MP: 21/21
 11123 | D:8      | Noticed a two-headed ogre
 11147 | D:7      | Killed a two-headed ogre
 11323 | D:8      | Found a bloodstained altar of Trog.
 11363 | D:8      | Learned a level 5 spell: Lightning Bolt
 11368 | D:8      | Learned a level 4 spell: Airstrike
 11371 | D:8      | Learned a level 2 spell: Swiftness
 11799 | D:9      | Reached skill level 5 in Air Magic
 12449 | D:9      | Reached skill level 5 in Evocations
 12451 | D:9      | Reached XP level 11. HP: 47/73 MP: 7/23
 12657 | D:9      | Reached *** piety under Hepliaklqana
 12815 | D:10     | Entered Level 10 of the Dungeon
 12830 | D:10     | Gained mutation: You are clumsy. (Dex -2) [potion of mutation]
 12830 | D:10     | Gained mutation: Your body sometimes deteriorates upon taking damage. [potion of mutation]
 12830 | D:10     | Gained mutation: Your body often deteriorates upon taking damage. [potion of mutation]
 12830 | D:10     | Gained mutation: Your mind is acute. (Int +2) [potion of mutation]
 12861 | D:10     | Got a pair of brightly glowing boots
 12867 | D:10     | Identified the +3 pair of boots "Mujinyep" {Dex+8 Stlth-} (You found it on level 10 of the Dungeon)
 13313 | D:10     | Reached skill level 5 in Invocations
 13448 | D:10     | Noticed a two-headed ogre
 13456 | D:10     | Killed a two-headed ogre
 13715 | D:10     | Noticed a two-headed ogre
 13723 | D:10     | Killed a two-headed ogre
 14331 | D:11     | Found a staircase to the Lair.
 14508 | D:11     | Reached **** piety under Hepliaklqana
 14585 | D:11     | Noticed a four-headed hydra
 14595 | D:11     | Killed a four-headed hydra
 14769 | D:11     | Noticed a death knight
 14778 | D:11     | Killed a death knight
 15355 | D:11     | Noticed Urug
 15368 | D:11     | Killed Urug
 15626 | D:11     | Learned a level 5 spell: Venom Bolt
 16081 | D:11     | Found a staircase to the Orcish Mines.
 16701 | Lair:1   | Entered Level 1 of the Lair of Beasts
 17058 | Lair:1   | Reached XP level 12. HP: 80/80 MP: 17/25
 17885 | Lair:1   | Reached skill level 10 in Spellcasting
 18224 | Lair:1   | Reached skill level 5 in Dodging
 18451 | Lair:2   | Reached skill level 10 in Poison Magic
 20244 | Lair:3   | Learned a level 3 spell: Mephitic Cloud
 20898 | Lair:3   | Noticed Harold
 20907 | Lair:3   | Killed Harold
 21400 | Lair:3   | Noticed a five-headed hydra
 21408 | Lair:3   | Killed a five-headed hydra
 21408 | Lair:3   | Reached XP level 13. HP: 84/84 MP: 5/27
 21618 | Lair:3   | Found a staircase to the Swamp.
 22308 | Lair:4   | Reached ***** piety under Hepliaklqana
 22869 | Lair:4   | Found a hole to the Spider Nest.
 24188 | Lair:5   | Got a heavily runed buckler
 24194 | Lair:5   | Identified the +1 buckler of Darkness {MR- Regen+ Int+6 Slay+2} (You found it on level 5 of the Lair of Beasts)
 24257 | Lair:5   | Reached skill level 1 in Shields
 25314 | Lair:6   | Entered Level 6 of the Lair of Beasts
 25466 | Lair:6   | Got a polished long sword
 25467 | Lair:6   | Identified the +7 long sword of Osidos {pain, +Blink rElec rPois} (You found it on level 6 of the Lair of Beasts)
 25629 | Lair:6   | Reached skill level 10 in Air Magic
 26514 | Lair:6   | Reached XP level 14. HP: 88/91 MP: 11/29
 26966 | Lair:6   | Found a viscous altar of Jiyva.
 26966 | Lair:6   | Found a staircase to the Slime Pits.
 29914 | Lair:6   | Got a flickering tin ring
 29916 | Lair:6   | Identified the ring "Zaiwiet" {AC+1 Int+4 Dex+2} (You found it on level 6 of the Lair of Beasts)
 30854 | D:12     | Lost mutation: You are clumsy. (Dex -2) [mutagenic meat]
 30855 | D:12     | Gained mutation: Your spells are a little harder to cast, but a little more powerful. [mutagenic meat]
 30858 | D:12     | Found a blossoming altar of Fedhas.
 32370 | Orc:1    | Entered Level 1 of the Orcish Mines
 32387 | Orc:1    | Noticed Josephine
 32391 | Orc:1    | Killed Josephine
 32391 | Orc:1    | Reached skill level 10 in Conjurations
 33087 | Orc:1    | Found Bem Diuq's Book Emporium.
 33457 | Orc:2    | Entered Level 2 of the Orcish Mines
 33457 | Orc:2    | Noticed Snorg
 33621 | Orc:2    | Noticed Maurice
 33701 | Orc:2    | Paralysed by Maurice for 5 turns
 33710 | Orc:1    | Paralysed by Maurice for 2 turns
 33713 | Orc:1    | Killed Maurice
 34439 | Orc:2    | Found a staircase to the Elven Halls.
 34639 | Orc:2    | Killed Snorg
 34671 | Orc:2    | Noticed Sonja
 34919 | Orc:2    | Killed Sonja
 34940 | Orc:2    | Noticed Nessos
 34955 | Orc:2    | Killed Nessos
 35102 | Orc:2    | Noticed Nergalle
 35107 | Orc:2    | Killed Nergalle
 35330 | Orc:2    | Noticed an orc warlord
 35579 | Orc:2    | Reached XP level 15. HP: 96/96 MP: 22/31
 36206 | Orc:2    | Killed an orc warlord
 36225 | Orc:2    | Paralysed by an orc sorcerer for 3 turns
 36898 | Orc:2    | Found a roughly hewn altar of Beogh.
 37120 | Orc:2    | Found Xepeghil's Antique Armour Shoppe.
 37130 | Orc:2    | Found Balaepa's Book Shoppe.
 37189 | Orc:2    | Found Cedy's General Store.
 37205 | Orc:2    | Found Naillaso's Antique Weapon Shoppe.
 38598 | Orc:2    | Bought Myaciy's Disquisition on Confrontation for 990 gold pieces
 38598 | Orc:2    | Bought a book of the Sky for 1170 gold pieces
 38615 | Orc:2    | Learned a level 6 spell: Conjure Ball Lightning
 38902 | Swamp:1  | Entered Level 1 of the Swamp
 40259 | Swamp:1  | Slain by an eight-headed hydra

Skill      XL: |  1  2  3  4  5  6  7  8  9 10 11 12 13 14 15 |
---------------+----------------------------------------------+-----
Spellcasting   | 3 4 5 6 7 8 9 10 11 12 | 12.8
Air Magic      | 1 2 3 4 5 7 9 10 11 | 11.9
Poison Magic   | 4 5 7 8 9 10 11 12 | 12.0
Conjurations   | 2 3 5 6 7 8 9 10 11 | 11.0
Fighting       | 1 2 3 |  3.5
Invocations    | 2 3 4 5 7 8 9 |  9.8
Evocations     | 1 3 5 6 7 8 |  8.2
Dodging        | 2 4 5 6 7 8 |  8.0
Shields        | 4 |  4.4
Stealth        | |  1.7

Action                   |  1- 3 |  4- 6 |  7- 9 | 10-12 | 13-15 || total
-------------------------+-------+-------+-------+-------+-------++-------
Melee: Unarmed           |    26 |       |       |       |       ||    26
       Tailslap          |     5 |     4 |    21 |    16 |    19 ||    65
       Short sword       |    26 |    11 |       |       |       ||    37
       Falchion          |       |    58 |   159 |    59 |       ||   276
       Staff             |       |       |       |    38 |    36 ||    74
       Eveningstar       |       |       |       |     2 |     5 ||     7
       Long sword        |       |       |       |       |    45 ||    45
 Cast: Sting             |    37 |    24 |    51 |     2 |       ||   114
       Poisonous Vapours |    16 |    39 |    69 |   256 |   574 ||   954
       Olgreb's Toxic Ra |       |     8 |    37 |    64 |   141 ||   250
       Lightning Bolt    |       |       |       |    13 |    40 ||    53
       Airstrike         |       |       |       |    55 |   217 ||   272
       Venom Bolt        |       |       |       |     3 |    60 ||    63
       Swiftness         |       |       |       |     1 |     2 ||     3
       Mephitic Cloud    |       |       |       |     1 |     3 ||     4
       Conjure Ball Ligh |       |       |       |       |     1 ||     1
Invok: Recall Ancestor   |       |       |     4 |       |     4 ||     8
       Ancestor Identity |       |       |     1 |       |       ||     1
       Ancestor Life: Kn |       |       |     1 |       |       ||     1
       Transference      |       |       |       |     2 |     6 ||     8
       Idealise          |       |       |       |       |     1 ||     1
 Abil: Breathe Steam     |       |       |     2 |     4 |     5 ||    11
       Evoke Blink       |       |       |       |       |     1 ||     1
Evoke: Wand              |       |       |     2 |       |       ||     2
       Staff of energy   |       |       |       |     7 |    20 ||    27
  Use: Scroll            |       |       |    14 |    10 |    18 ||    42
       Potion            |       |       |     1 |     1 |     6 ||     8
 Stab: Sleeping          |       |     1 |     1 |       |       ||     2
       Distracted        |       |       |     2 |       |     1 ||     3
  Eat: Chunk             |     5 |    10 |    18 |    36 |    64 ||   133
       Fruit             |       |       |     4 |     1 |       ||     5
       Bread ration      |       |       |     1 |     1 |       ||     2
       Meat ration       |       |       |       |     1 |       ||     1
Armor: Skin              |    14 |    39 |    48 |    82 |   109 ||   292
Dodge: Dodged            |    35 |    66 |   134 |   145 |   260 ||   640
Block: Buckler           |       |       |       |       |   100 ||   100
       Rpst.: Falchion   |       |     7 |    38 |    23 |       ||    68
       Long sword        |       |       |       |       |    25 ||    25
